 Dungeon Crawl Stone Soup version 0.27.1-33-g824d729ab1 (webtiles) character file.

Game seed: 18425514574640474362

119 MisterFreud the Chopper (level 5, 0/45 HPs)
             Began as a Hill Orc Abyssal Knight on Dec 20, 2021.
             Was a Follower of Lugonu.
             Slain by a water moccasin (6 damage)
             ... on level 3 of the Dungeon.
             The game lasted 00:01:58 (2290 turns).

MisterFreud the Chopper (Hill Orc Abyssal Knight)   Turns: 2290, Time: 00:01:59

Health: 0/45       AC:  7    Str: 16    XL:     5   Next: 3%
Magic:  6/6        EV: 11    Int: 12    God:    Lugonu [*.....]
Gold:   67         SH:  0    Dex: 10    Spells: 4/4 levels left

rFire    . . .     SeeInvis .   a - +1 hand axe
rCold    . . .     Faith    .   (no shield)
rNeg     . . .     Spirit   .   b - +0 leather armour
rPois    .         Reflect  .   j - +2 helmet
rElec    .         Harm     .   k - +0 cloak
rCorr    .         Rampage  .   (no gloves)
Will     .....                  (no boots)
Stlth    +.........             c - amulet of magic regeneration
HPRegen  0.15/turn              (no ring)
MPRegen  0.35/turn              (no ring)

@: lethally poisoned (0 -> -8)
A: no striking features
a: Renounce Religion, Depart the Abyss


You were on level 3 of the Dungeon.
You worshipped Lugonu.
Lugonu was aware of your devotion.
You visited 1 branch of the dungeon, and saw 3 of its levels.
You visited the Abyss 1 time.

You collected 67 gold pieces.

Inventory:

Hand Weapons
 a - a +1 hand axe (weapon)
Missiles
 l - 8 boomerangs (quivered)
Armour
 b - a +0 leather armour (worn)
 j - a +2 helmet (worn)
 k - a +0 cloak (worn)
Jewellery
 c - an amulet of magic regeneration (around neck)
Scrolls
 e - a scroll of noise {unknown}
 f - 2 scrolls of identify {unknown}
 n - a scroll of summoning {unknown}
Potions
 d - a potion of magic {unknown}
 g - a potion of curing {unknown}
 h - a potion of heal wounds {unknown}
 i - a potion of ambrosia {unknown}
 m - a potion of berserk rage {unknown}


   Skills:
 - Level 3.6 Fighting
 + Level 6.7 Axes
 - Level 2.1 Armour
 - Level 0.7 Dodging
 - Level 2.4 Invocations


You had 4 spell levels left.
You didn't know any spells.
Your spell library contained the following spells:

 Spells                   Type           Power      Damage    Failure   Level
 Stone Arrow              Conj/Erth      0%         3d7       77%         3
 Bolt of Magma            Conj/Fire/Erth 0%         4d4       100%        5
 Shatter                  Erth           0%         3d5*      100%        9


Dungeon Overview and Level Annotations

Branches:
Dungeon (3/15)

Altars:


Message History

You throw a boomerang.
The boomerang barely misses the water moccasin.
Unknown command.
Throw: 8 boomerangs
Press: ? - help, Q - select action, (/) - cycle Shift-Dir - straight line, f/p - water moccasin
Aim: a water moccasin (35% to hit)
You throw a boomerang.
The boomerang closely misses the water moccasin.
Unknown command.
Throw: 8 boomerangs
Press: ? - help, Q - select action, (/) - cycle Shift-Dir - straight line, f/p - water moccasin
Aim: a water moccasin (35% to hit)
You throw a boomerang.
The boomerang barely misses the water moccasin.
The water moccasin closely misses you.
You miss the water moccasin.
The water moccasin bites you but does no damage.
The water moccasin bites you.
You slash the water moccasin!
The water moccasin is moderately wounded.
The water moccasin bites you!
You hit the water moccasin.
The water moccasin is heavily wounded.
The water moccasin bites you!
You are poisoned.
The water moccasin poisons you!
You closely miss the water moccasin.
The water moccasin is heavily wounded.
You feel very sick. The water moccasin bites you. x2
You are too injured to fight recklessly!
You closely miss the water moccasin.
The water moccasin is heavily wounded.
You feel sick. The water moccasin bites you.
* * * LOW HITPOINT WARNING * * *
You barely miss the water moccasin.
The water moccasin is heavily wounded.
* * * LOW HITPOINT WARNING * * *
You feel sick. The water moccasin bites you.
You die...

..# ###### . ... ......
#. .. ....#.### #.. #.
#.....## #...#.#
###....## .......##
####.#..# #.###..#####
##.).....#
#.......S@.###).##..###
##.'''''###.....##..##
...'''''............#
#..''_''.#..........#
...'''''.#..........#
##.'''''............#
#..................#
#######............#
#............#


You could see a water moccasin.

Vanquished Creatures
  Jessica (D:3)
  5 adders
  2 worms (D:2)
  2 dart slugs (D:1)
  7 ball pythons
  3 endoplasms
  2 giant cockroaches
  2 goblins (D:1)
  A hobgoblin (D:1)
  A quokka (D:1)
  7 bats
  2 frilled lizards (D:1)
  4 kobolds
  4 rats
43 creatures vanquished.

Notes
Turn   | Place    | Note
-------+----------+-------------------------------------------
     0 | Abyss:1  | MisterFreud the Hill Orc Abyssal Knight began the quest for
                  | the Orb.
     0 | Abyss:1  | Reached XP level 1. HP: 19/19 MP: 2/2
    65 | Abyss:1  | Noticed a large abomination
    66 | D:1      | Escaped the Abyss
   158 | D:1      | Reached skill level 3 in Axes
   262 | D:1      | Reached XP level 2. HP: 26/26 MP: 3/3
   309 | D:1      | Reached skill level 4 in Axes
   457 | D:1      | Reached * piety under Lugonu
   791 | D:1      | Reached XP level 3. HP: 30/31 MP: 4/4
   948 | D:2      | Reached skill level 5 in Axes
  1442 | D:2      | Reached XP level 4. HP: 39/39 MP: 5/5
  2092 | D:2      | Reached skill level 6 in Axes
  2196 | D:3      | Noticed Jessica
  2205 | D:3      | Killed Jessica
  2220 | D:3      | Reached XP level 5. HP: 45/45 MP: 6/6
  2233 | D:3      | Found a faded altar of an unknown god.
  2278 | D:3      | Noticed a water moccasin
  2290 | D:3      | Slain by a water moccasin

Illustrated notes

Levels and vault maps discovered:
D:1:      psy_arrival_whirlpool, layout_basic
D:2:      layout_basic
D:3:      layout_rooms, hellmonk_ecumenical_altar_heavens_door, uniq_grinder,
          uniq_jessica, uniq_crazy_yiuf_cottage

Skill      XL: |  1  2  3  4 |
---------------+-------------+-----
Axes           | 3 4 5 6 |  6.7
Fighting       | |  3.6
Armour         | |  2.1
Dodging        | |  0.7
Invocations    | |  2.4

Action                   |  1- 3 |  4- 6 || total
-------------------------+-------+-------++-------
Melee: Hand axe          |    98 |    43 ||   141
Throw: Boomerang         |       |     3 ||     3
Invok: Depart the Abyss  |     1 |       ||     1
Armor: Leather armour    |    39 |    14 ||    53
Dodge: Dodged            |    59 |    29 ||    88
